 Dungeon Crawl Stone Soup version 0.28-a0-1128-gb845255321 (webtiles) character file.

Game seed: 9976068460318044015

21128 BinkBink the Bludgeoner (level 12, -3/172 HPs)
             Began as a Minotaur Monk on Dec 12, 2021.
             Was a High Priest of Wu Jian.
             Shot with an arrow by Nessos (14 damage)
             ... on level 13 of the Dungeon.
             The game lasted 00:24:21 (16359 turns).

BinkBink the Bludgeoner (Minotaur Monk)            Turns: 16359, Time: 00:24:23

Health: -3/172     AC: 26    Str: 17    XL:     12   Next: 51%
Magic:  11/11      EV:  2    Int:  7    God:    Wu Jian [*****.]
Gold:   1171       SH:  0    Dex: 17    Spells: 11/11 levels left

rFire   . . .      SeeInvis .   T - +5 morningstar
rCold   . . .      Faith    .   (no shield)
rNeg    . . .      Spirit   .   (armour currently unavailable)
rPois   +          Reflect  .   (helmet unavailable)
rElec   .          Harm     .   (cloak currently unavailable)
rCorr   .          Rampage  .   (gloves currently unavailable)
Will    .....      NoTele   +   (boots currently unavailable)
Stlth   +.........              (no amulet)
HPRegen 0.38/turn               y - ring of poison resistance
MPRegen 0.12/turn               J - ring of flight

@: confused, lethally poisoned (-3 -> -18), tree-form, ambrosia-drunk, hasted,
very quick
A: stationary, stasis, torment immunity, boosted hp, (horns 3), (retaliatory
headbutt)
a: Renounce Religion, Wall Jump, Serpent's Lash, Heavenly Storm


You were on level 13 of the Dungeon.
You worshipped Wu Jian.
Wu Jian was extremely pleased with you.
You were a tree.
You visited 1 branch of the dungeon, and saw 13 of its levels.
You also visited: Ossuary and Bailey.

You collected 1171 gold pieces.

Inventory:

Hand Weapons
 B - a +6 hunting sling
 T - a +5 morningstar (weapon)
Missiles
 N - 69 sling bullets
Armour
 b - a +0 robe
 e - a +0 troll leather armour
 h - a +0 cloak (melded)
 x - a +2 pair of boots (melded)
 H - a +2 pair of gloves (melded)
 M - +0 acid dragon scales
 P - the +4 leather armour "Zytzoamn" (melded) {Contam rElec Will- Str+8}
   (You found it on level 7 of the Dungeon)

   Str:       It affects your strength (+8).
   rElec:     It insulates you from electricity.
   Contam:    It causes magical contamination when unequipped.
   Will:      It decreases your willpower.
Jewellery
 u - a +6 ring of intelligence
 y - a ring of poison resistance (left branch)
 E - a ring of resist corrosion
 J - a ring of flight (right branch)
 L - a ring of wizardry
 O - an amulet of guardian spirit
Wands
 k - a wand of digging (2)
 l - a wand of polymorph (7)
 G - a wand of charming (10)
 Q - a wand of flame (14)
Scrolls
 f - a scroll of identify
 g - 2 scrolls of fear
 i - 3 scrolls of magic mapping
 j - 4 scrolls of enchant armour
 m - 3 scrolls of amnesia
 n - a scroll of fog
 o - a scroll of immolation
 p - 11 scrolls of teleportation
 w - a scroll of noise
 F - a scroll of brand weapon {unknown}
 K - 2 scrolls of torment
 R - 2 scrolls of vulnerability
Potions
 c - 3 potions of cancellation
 d - a potion of ambrosia
 q - 3 potions of mutation
 r - 4 potions of flight
 s - 2 potions of lignification
 t - a potion of might
 v - 3 potions of resistance {unknown}
 A - 3 potions of curing {unknown}
 C - 3 potions of attraction
 D - 2 potions of degeneration {unknown}
 I - a potion of brilliance
 S - a potion of invisibility {unknown}
Miscellaneous
 z - a lightning rod (4/4)


   Skills:
 + Level 13.2 Fighting
 + Level 16.7 Maces & Flails
 * Level 8.0 Armour
 + Level 11.0 Dodging
 - Level 1.5 Stealth
 + Level 0.1 Evocations


You had 11 spell levels left.
You didn't know any spells.
Your spell library contained the following spells:

 Spells                   Type           Power      Damage    Failure   Level
 Blink                    Tloc           0%         N/A       56%         2
 Corpse Rot               Necr/Air       0%         N/A       56%         2
 Lesser Beckoning         Tloc           0%         N/A       80%         3
 Summon Guardian Golem    Hex/Summ       0%         N/A       80%         3
 Animate Armour           Summ/Erth      0%         N/A       99%         4
 Dispel Undead            Necr           0%         3d6       99%         4
 Blade Hands              Tmut           0%         N/A       100%        5
 Manifold Assault         Tloc           0%         N/A       100%        5
 Death Channel            Necr           0%         N/A       100%        6
 Iron Shot                Conj/Erth      0%         9d1       100%        6
 Orb of Destruction       Conj           0%         N/A       100%        7
 Spellforged Servitor     Conj/Summ      0%         N/A       100%        7


Dungeon Overview and Level Annotations

Branches:
Dungeon (13/15)            Temple (0/1) D:6            Lair (0/6) D:11
    Orc (0/2) D:10        Ossuary (visited)          Bailey (visited)
 Vaults: D:13-14

Altars:
Ashenzari
Cheibriados
Fedhas
Qazlal
Wu Jian
Yredelemnul
Zin
The Shining One

Shops:
D:4 *[   D:6 [

Annotations:
D:13 Nessos


Innate Abilities, Weirdness & Mutations

You are a tree.
Your roots penetrate the ground, keeping you stationary.
You cannot be teleported.
You are immune to unholy pain and torment.
Your maximum health is greatly increased.
Your equipment is partially melded.
((You have a pair of large horns on your head.))
((You reflexively headbutt those who attack you in melee.))


Message History

The arrow burns you.
* * * LOW HITPOINT WARNING * * *
Nessos zaps a wand.
You resist with significant effort.
Really quaff the potion of lignification?
You turn into a tree.
Your +0 cloak melds into your body.
Your +2 pair of gloves melds into your body.
Your +2 pair of boots melds into your body.
The +4 leather armour "Zytzoamn" {Contam rElec Will- Str+8} melds into your body.
Your roots penetrate the ground.
Nessos shoots an arrow.
The arrow hits you.
* * * LOW HITPOINT WARNING * * *
The arrow burns you.
You are poisoned.
* * * LOW HITPOINT WARNING * * *
Nessos casts a spell.
Nessos blinks!
You feel sick.
Nessos shoots an arrow.
The arrow hits you but does no damage.
You feel sick.
Nessos shoots an arrow.
The arrow hits you.
* * * LOW HITPOINT WARNING * * *
The arrow burns you.
* * * LOW HITPOINT WARNING * * *
Nessos casts a spell.
Nessos blinks!
You feel sick.
You feel sick.
Nessos casts a spell.
Nessos blinks!
Nessos shoots an arrow.
The arrow completely misses you.
You feel sick.
Nessos zaps a wand.
You easily resist.
The now-empty wand crumbles to dust.
Nessos shoots an arrow.
The arrow hits you!
* * * LOW HITPOINT WARNING * * *
The arrow burns you.
You are lethally poisoned!
* * * LOW HITPOINT WARNING * * *
It was a potion of ambrosia.
You are more confused.
You feel invigorated.
* * * LOW HITPOINT WARNING * * *
You feel very sick.
Nessos shoots an arrow.
The arrow hits you!
You die...

#.# #.###
########....
#...........
####
#.#########.
..# #.# #. #.#
#.# ##
####.####.###.#
.c.....♣......#
####.####.#####
#.# #.# #.. ###


You could see Nessos (fast).

Vanquished Creatures
  A quicksilver ooze (D:8)
  2 centaur warriors
  5 two-headed ogres
  A tengu warrior (D:13)
  2 deep elf pyromancers (D:12)
  An orc knight (Bailey)
  2 manticores
  Joseph (D:7)
  A gargoyle (D:10)
  An unseen horror (D:11)
  An efreet (D:12)
  Maggie (D:8)
  A tengu conjurer (D:13)
  A komodo dragon (D:12)
  Psyche (D:8)
  5 trolls
  Sigmund (D:2)
  2 wraiths
  A shadow (D:10)
  21 yaks
  A steam dragon (D:8)
  2 vampire mosquitoes (D:12)
  Menkaure (D:5)
  4 water moccasins
  2 acid dragons
  Duvessa (D:7)
  3 black bears
  8 orc warriors
  2 ice beasts (D:7)
  2 sky beasts
  3 necrophages (D:5)
  4 centaurs
  5 ogres
  A phantom (D:6)
  4 elf zombies (Ossuary)
  5 bullfrogs
  A kobold brigand (D:7)
  2 wyvern zombies
  3 scorpions
  Dowan (D:7)
  7 wights
  A howler monkey (D:6)
  6 centaur zombies
  A bullfrog zombie (D:3)
  3 jellies
  2 bullfrog skeletons (D:6)
  A gnoll shaman (D:6)
  3 orc priests
  A centaur skeleton (D:6)
  5 human zombies (Ossuary)
  6 iguanas
  Ijyb (D:3)
  Natasha (thrice) (D:2)
  10 orc wizards
  3 mummies (Ossuary)
  A howler monkey zombie (D:8)
  7 gnolls
  8 adders
  A white imp (D:6)
  4 ufetubi
  An adder zombie (D:5)
  A worm (D:3)
  2 dart slugs
  47 orcs
  5 bats
  7 endoplasms
  6 giant cockroaches
  8 goblins
  10 hobgoblins
  10 jackals
  27 kobolds
  6 quokkas
  5 ball pythons
  2 frilled lizards (D:3)
  4 rats
  2 bushes (D:5)
324 creatures vanquished.

Vanquished Creatures (others)
  A white imp (D:8)
  32 fungi (D:11)
  52 plants
85 creatures vanquished.

Grand Total: 409 creatures vanquished

Notes
Turn   | Place    | Note
-------+----------+-------------------------------------------
     0 | D:1      | BinkBink the Minotaur Monk began the quest for the Orb.
     0 | D:1      | Reached XP level 1. HP: 19/19 MP: 0/0
   234 | D:1      | Reached skill level 4 in Maces & Flails
   234 | D:1      | Reached XP level 2. HP: 17/27 MP: 1/1
   649 | D:1      | Reached XP level 3. HP: 27/33 MP: 2/2
  1395 | D:2      | Noticed Sigmund
  1445 | D:2      | Reached XP level 4. HP: 38/41 MP: 3/3
  1920 | D:2      | Killed Sigmund
  1921 | D:2      | Reached skill level 5 in Fighting
  1921 | D:2      | Reached skill level 6 in Maces & Flails
  1921 | D:2      | Reached XP level 5. HP: 9/48 MP: 4/4
  2279 | D:2      | Noticed Natasha
  2287 | D:2      | Killed Natasha
  2442 | D:2      | Noticed Natasha
  2448 | D:2      | Killed Natasha
  2449 | D:2      | Reached XP level 6. HP: 45/56 MP: 5/5
  2516 | D:2      | Found a faded altar of an unknown god.
  2531 | D:2      | Noticed Natasha
  2543 | D:2      | Killed Natasha
  2629 | D:2      | Prayed at the altar of an unknown god.
  2629 | D:2      | Became a worshipper of the Wu Jian Council
  2629 | D:2      | Reached * piety under Wu Jian
  2629 | D:2      | Reached ** piety under Wu Jian
  2831 | D:3      | Noticed a sky beast
  2849 | D:3      | Reached *** piety under Wu Jian
  2853 | D:3      | Killed a sky beast
  2854 | D:3      | Reached skill level 5 in Dodging
  2857 | D:3      | Reached skill level 7 in Maces & Flails
  3158 | D:3      | Noticed Ijyb
  3162 | D:3      | Paralysed by Ijyb for 7 turns
  3171 | D:3      | Paralysed by Ijyb for 6 turns
  3181 | D:3      | Killed Ijyb
  3775 | D:4      | Found Ide Waepp's Assorted Antiques.
  3847 | D:4      | Found a sand-covered staircase.
  3852 | D:4      | Reached XP level 7. HP: 37/61 MP: 6/6
  3954 | Ossuary  | Entered an ossuary
  4196 | Ossuary  | Reached skill level 8 in Maces & Flails
  4580 | Ossuary  | Reached XP level 8. HP: 25/71 MP: 7/7
  4608 | Ossuary  | Reached skill level 9 in Maces & Flails
  5149 | D:4      | Found Qubin's Armour Shoppe.
  5170 | D:4      | Reached **** piety under Wu Jian
  5360 | D:4      | Found a broken altar of Ashenzari.
  5577 | D:5      | Entered Level 5 of the Dungeon
  5721 | D:5      | Gained mutation: You tend to lose your temper in combat.
                  | [potion of mutation]
  5721 | D:5      | Lost mutation: You tend to lose your temper in combat.
                  | [potion of mutation]
  5721 | D:5      | Gained mutation: You have a pair of large horns on your
                  | head. [potion of mutation]
  5721 | D:5      | HP: 2/73 [something (6)]
  6085 | D:5      | Reached skill level 10 in Maces & Flails
  6156 | D:5      | Identified the +1 robe of Defiance {Drain Will+ Int+6}
  6190 | D:5      | Noticed Menkaure
  6198 | D:5      | Killed Menkaure
  6616 | D:5      | Found a blossoming altar of Fedhas.
  7205 | D:5      | Reached XP level 9. HP: 66/81 MP: 8/8
  7256 | D:5      | Reached skill level 11 in Maces & Flails
  7505 | D:6      | Found Deledin's Armour Shoppe.
  7530 | D:6      | Reached ***** piety under Wu Jian
  7997 | D:6      | Found a staircase to the Ecumenical Temple.
  9022 | D:6      | Reached skill level 12 in Maces & Flails
  9621 | D:7      | Found a stormy altar of Qazlal.
  9765 | D:7      | Noticed Joseph
 10050 | D:8      | Reached XP level 10. HP: 70/91 MP: 9/9
 10457 | D:8      | Reached skill level 10 in Fighting
 10591 | D:8      | Reached skill level 13 in Maces & Flails
 10609 | D:8      | Noticed an eight-headed hydra
 10664 | D:7      | Found a snail-covered altar of Cheibriados.
 10667 | D:7      | Found a glowing silver altar of Zin.
 10667 | D:7      | Noticed Duvessa
 10680 | D:7      | Killed Duvessa
 10721 | D:7      | Noticed Dowan
 10727 | D:7      | Killed Dowan
 11007 | D:7      | Killed Joseph
 11008 | D:7      | Reached skill level 1 in Armour
 11358 | D:7      | Identified the +4 leather armour "Zytzoamn" {Contam rElec
                  | Will- Str+8}
 11453 | D:8      | Noticed a quicksilver ooze
 11453 | D:8      | an eight-headed hydra changed into a quicksilver ooze
 11460 | D:8      | Killed a quicksilver ooze
 11867 | D:8      | Noticed Maggie
 11875 | D:8      | Killed Maggie
 11922 | D:8      | Noticed Psyche
 11936 | D:8      | Killed Psyche
 12445 | D:9      | Reached skill level 14 in Maces & Flails
 12560 | D:9      | Found a glowing golden altar of the Shining One.
 12564 | D:9      | Noticed an angel
 12572 | D:9      | Found a basalt altar of Yredelemnul.
 12574 | D:9      | Noticed a profane servitor
 12979 | D:10     | Entered Level 10 of the Dungeon
 13053 | D:10     | Reached XP level 11. HP: 100/102 MP: 10/10
 13055 | D:10     | Found a staircase to the Orcish Mines.
 13170 | D:10     | Noticed a two-headed ogre
 13182 | D:10     | Killed a two-headed ogre
 13387 | D:10     | Reached skill level 5 in Armour
 13606 | D:10     | Reached skill level 15 in Maces & Flails
 13965 | D:11     | Noticed a two-headed ogre
 13966 | D:11     | Noticed a six-headed hydra
 14252 | D:11     | Killed a two-headed ogre
 14326 | D:11     | Noticed a two-headed ogre
 14341 | D:11     | Killed a two-headed ogre
 14342 | D:11     | Reached skill level 10 in Dodging
 14613 | D:11     | Noticed a two-headed ogre
 14614 | D:11     | Found a staircase to the Lair.
 14621 | D:11     | Killed a two-headed ogre
 14693 | D:11     | Noticed a two-headed ogre
 14701 | D:11     | Killed a two-headed ogre
 14839 | D:11     | Noticed a centaur warrior
 14846 | D:11     | Killed a centaur warrior
 14847 | D:11     | Reached XP level 12. HP: 113/113 MP: 11/11
 14907 | D:11     | Found a basalt altar of Yredelemnul.
 14952 | D:11     | Reached skill level 16 in Maces & Flails
 15421 | D:12     | Found a flagged portal.
 15430 | D:12     | Noticed a centaur warrior
 15444 | D:12     | Killed a centaur warrior
 15465 | Bailey   | Entered a bailey
 15603 | Bailey   | Found a burning altar of Makhleb.
 15605 | Bailey   | Reached ****** piety under Wu Jian
 16216 | D:13     | Noticed a tengu warrior
 16226 | D:13     | Killed a tengu warrior
 16335 | D:13     | Noticed Nessos
 16359 | D:13     | Shot with an arrow by Nessos

Illustrated notes

Levels and vault maps discovered:
D:1:      dpeg_arrival_tiny_g, layout_basic, dk_noncrumbling_2
D:2:      layout_rooms, dilly_ecumenical_altar_fadedgnrine, uniq_sigmund,
          uniq_natasha
D:3:      layout_basic, st_stairs_3, fountainhead, roderic_lattice_a,
          kennysheep_generic_room_4, uniq_ijyb
D:4:      layout_rooms, kennysheep_mini_moat, nicolae_ossuary_entry_monument,
          serial_shops, nicolae_lakefront_shop, nicolae_inconvenience_store,
          minmay_door_square, minmay_pentomino_pile
D:5:      layout_loops_ring, fedhas_altar_decomposition, minivault_19,
          grunt_ministairs_5, kennysheep_dice, uniq_menkaure
D:6:      layout_loops_corners, minmay_temple_entry_large_hall, serial_shops,
          shop, amethyst_killhole, hangedman_glass_teeth
D:7:      layout_loops_ring, grunt_temple_overflow_open, minivault_10,
          uniq_joseph, uniq_duvessa
D:8:      layout_basic, grunt_ministairs_8, uniq_psyche, uniq_maggie
D:9:      layout_basic, grunt_temple_overflow_holy_war
D:10:     layout_roguey, orc_david_3
D:11:     layout_gridville, due_lair_maze_entry_diamond,
          yredelemnul_altar_generic
D:12:     layout_loops_ring, enter_bailey_2
D:13:     layout_loops_ring, grunt_vaults_entry_fortified, uniq_sonja,
          uniq_rupert, uniq_nessos

Skill      XL: |  1  2  3  4  5  6  7  8  9 10 11 12 |
---------------+-------------------------------------+-----
Maces & Flails | 4 6 7 8 10 12 14 15 16 | 16.7
Fighting       | 4 5 6 8 9 11 12 13 | 13.2
Dodging        | 4 5 6 7 8 9 10 11 | 11.0
Armour         | 4 6 8 |  8.0
Stealth        | |  1.5
Evocations     | |  0.1

Action                   |  1- 3 |  4- 6 |  7- 9 | 10-12 || total
-------------------------+-------+-------+-------+-------++-------
Melee: Mace              |    66 |   123 |   519 |   163 ||   871
       Headbutt          |     7 |    20 |   145 |   118 ||   290
       Morningstar       |       |       |       |   266 ||   266
Invok: Whirlwind         |       |     4 |     5 |     7 ||    16
       Lunge             |       |     2 |    36 |    36 ||    74
Evoke: Wand              |       |       |       |     1 ||     1
  Use: Potion            |       |       |     4 |    10 ||    14
       Scroll            |       |       |       |    17 ||    17
 Stab: Sleeping          |     1 |     2 |     8 |     7 ||    18
       Distracted        |       |       |     1 |     2 ||     3
Armor: Robe              |    18 |    10 |    59 |     9 ||    96
       Leather armour    |       |       |       |   100 ||   100
       Skin              |       |       |       |     5 ||     5
Dodge: Dodged            |    67 |    75 |   251 |   255 ||   648

Table legend: (Time is in decaauts)
 A = Elapsed time spent in this place.
 B = Non-inter-level travel time spent in this place.
 C = Inter-level travel time spent in this place.
 D = Time resting spent in this place.
 E = Time spent auto-exploring this place.
 F = Levels seen in this place.
 G = Mean time per level.
                   A        B        C        D        E       F      G
               +--------+--------+--------+--------+--------+-----+--------+
         Total |  16216 |  15778 |    438 |      0 |  13120 |  15 | 1081.1 |
       Dungeon |  15074 |  14636 |    438 |      0 |  12247 |  13 | 1159.5 |
       Ossuary |    905 |    905 |      0 |      0 |    747 |   1 |  905.0 |
        Bailey |    236 |    236 |      0 |      0 |    126 |   1 |  236.0 |
               +--------+--------+--------+--------+--------+-----+--------+

Top non-repeatable levels by time:
     D:5: 1996 daAuts
     D:1: 1634 daAuts
     D:8: 1616 daAuts
     D:6: 1602 daAuts
    D:10: 1218 daAuts
     D:4: 1130 daAuts
     D:3: 1107 daAuts
     D:7: 1096 daAuts
    D:11: 1048 daAuts
     D:2: 1044 daAuts
 Ossuary: 905 daAuts
     D:9: 780 daAuts
    D:12: 660 daAuts
  Bailey: 236 daAuts
    D:13: 138 daAuts
